 Dungeon Crawl Stone Soup version 0.24-a0-462-ge24419a6ad (webtiles) character file.

Game seed: 11365509718162504611

149 Mrkan the Chopper (level 5, -4/47 HPs)
             Began as a Hill Orc Abyssal Knight on July 2, 2019.
             Was a Follower of Lugonu.
             Slain by a bullfrog zombie (6 damage)
             ... on level 5 of the Dungeon.
             The game lasted 00:05:02 (1746 turns).

Mrkan the Chopper (Hill Orc Abyssal Knight)         Turns: 1746, Time: 00:05:03

Health: -4/47      AC:  6    Str: 19    XL:     5   Next: 31%
Magic:  8/8        EV: 16    Int: 12    God:    Lugonu [*.....]
Gold:   111        SH:  0    Dex: 15    Spells: 4/4 levels left

rFire    . . .     SeeInvis .   a - +1 hand axe
rCold    . . .     Gourm    .   (no shield)
rNeg     . . .     Faith    .   d - +3 leather armour of the Heavens {Str+3}
rPois    .         Spirit   .   (no helmet)
rElec    .         Reflect  .   (no cloak)
rCorr    .         Harm     .   (no gloves)
MR       .....                  (no boots)
Stlth    ++........             (no amulet)
HPRegen  0.15/turn              (no ring)
MPRegen  0.11/turn              (no ring)

@: agile
A: no striking features
a: Depart the Abyss, Renounce Religion


You were on level 5 of the Dungeon.
You worshipped Lugonu.
Lugonu was aware of your devotion.
You were not hungry.

You visited 1 branch of the dungeon, and saw 5 of its levels.
You visited the Abyss 1 time.

You collected 111 gold pieces.

Inventory:

Hand Weapons
 a - a +1 hand axe (weapon)
 g - a +0 hunting sling
 y - a +0 hand crossbow
Armour
 b - a +0 leather armour
 d - the +3 leather armour of the Heavens (worn) {Str+3}
   (You found it on level 2 of the Abyss)

   It affects your strength (+3).
 j - a +0 chain mail
Jewellery
 m - an uncursed ring of wizardry
Scrolls
 h - a scroll of fear {unknown}
 i - 5 scrolls of identify {unknown}
 n - 2 scrolls of magic mapping {unknown}
 o - 2 scrolls of teleportation {unknown}
 p - a scroll of blinking {unknown}
 s - 3 scrolls of immolation {unknown}
 t - 2 scrolls of enchant armour {unknown}
 v - a scroll of remove curse {unknown}
 x - a scroll of random uselessness {unknown}
 z - 3 scrolls of enchant weapon {unknown}
Potions
 e - a potion of degeneration {unknown}
 f - a potion of resistance {unknown}
 k - a potion of agility
 l - a potion of curing
 q - a potion of invisibility {unknown}
 r - a potion of brilliance {unknown}
 w - a potion of cancellation {unknown}
Comestibles
 c - 10 rations
 u - a chunk of flesh


   Skills:
 + Level 4.6 Fighting
 * Level 5.3 Axes
 - Level 2.1 Armour
 - Level 0.7 Dodging
 + Level 4.0 Invocations


You had 4 spell levels left.
You didn't know any spells.
Your spell library was empty.

Dungeon Overview and Level Annotations

Branches:
Dungeon (5/15)             Temple (0/1) D:4

Altars:
Makhleb
Nemelex Xobeh
Ru
Wu Jian

Annotations:
D:4 Grinder


Message History

The bullfrog zombie misses you.
The bullfrog zombie hits you but does no damage.
You barely miss the bullfrog zombie.
The bullfrog zombie is heavily damaged.
The bullfrog zombie hits you.
* * * LOW HITPOINT WARNING * * *
You hit the bullfrog zombie.
The bullfrog zombie is heavily damaged.
The bullfrog zombie misses you.
You hit the bullfrog zombie.
The bullfrog zombie is severely damaged.
The bullfrog zombie hits you but does no damage. x2
You slash the bullfrog zombie!
The bullfrog zombie is almost destroyed.
The bullfrog zombie hits you.
* * * LOW HITPOINT WARNING * * *
You hit the bullfrog zombie.
The bullfrog zombie is almost destroyed.
The bullfrog zombie hits you.
You die...

........†......###
######.######.#
#######'######..#
.....^..........
#................
###................
......####'#####...
......####.# ..
......Z@...# #
...#########


You could see a bullfrog zombie.

Vanquished Creatures
  A howler monkey (D:4)
  A worker ant (D:5)
  4 adders
  2 worms (D:2)
  3 leopard geckos
  An orc (D:3)
  3 bats
  3 goblins
  6 hobgoblins
  6 jackals (D:3)
  2 frilled lizards
  8 kobolds
  A quokka skeleton (D:5)
  4 rats
45 creatures vanquished.

Notes
Turn   | Place    | Note
-------+----------+-------------------------------------------
     0 | Abyss:1  | Mrkan the Hill Orc Abyssal Knight began the quest for the
                  | Orb.
     0 | Abyss:1  | Reached XP level 1. HP: 19/19 MP: 2/2
    12 | Abyss:2  | Noticed a large abomination
    14 | Abyss:2  | Got a shimmering leather armour
    15 | D:1      | Escaped the Abyss
    26 | D:1      | Identified the +3 leather armour of the Heavens {Str+3}
                  | (You found it on level 2 of the Abyss)
   170 | D:1      | Reached skill level 3 in Axes
   262 | D:1      | Reached XP level 2. HP: 21/27 MP: 4/4
   315 | D:1      | Reached * piety under Lugonu
   618 | D:2      | Reached XP level 3. HP: 24/33 MP: 5/5
   714 | D:2      | Reached skill level 4 in Axes
   746 | D:2      | Found an ornate altar of the Wu Jian Council.
  1042 | D:3      | Found a faded altar of an unknown god.
  1173 | D:3      | Found a burning altar of Makhleb.
  1173 | D:3      | Found a sparkling altar of Nemelex Xobeh.
  1230 | D:3      | Reached XP level 4. HP: 34/40 MP: 6/6
  1275 | D:3      | Found a sacrificial altar of Ru.
  1656 | D:4      | Found a staircase to the Ecumenical Temple.
  1666 | D:4      | Reached skill level 5 in Axes
  1666 | D:4      | Reached XP level 5. HP: 37/47 MP: 7/7
  1670 | D:4      | Noticed Grinder
  1687 | D:5      | Entered Level 5 of the Dungeon
  1745 | D:5      | HP: 2/47 [bullfrog zombie (6)]
  1746 | D:5      | Slain by a bullfrog zombie

Levels and vault maps discovered:
D:1:      dpeg_arrival_shelter, layout_loops_ring, minmay_split_cup_large
D:2:      layout_rooms, nicolae_overflow_hidden_temple
D:3:      layout_basic, gammafunk_temple_overflow_wave,
          chequers_ecumenical_altar_simple, hangedman_ru_absence
D:4:      layout_loops_corners, minmay_temple_entry_wispy, first_ration,
          gup_sewer_entry_spiral, hangedman_minor_gate_pass, uniq_natasha,
          uniq_grinder
D:5:      layout_basic, kiku_gazebo_garden_becter, serial_undead,
          serial_undead_b, serial_undead_a, serial_undead_a, serial_undead_d,
          serial_undead_c, serial_undead_f, uniq_pikel

Skill      XL: |  1  2  3  4  5 |
---------------+----------------+-----
Axes           | 3 4 5 |  5.3
Invocations    | 3 4 |  4.0
Fighting       | 4 |  4.6
Armour         | |  2.1
Dodging        | |  0.7

Action                   |  1- 3 |  4- 6 || total
-------------------------+-------+-------++-------
Melee: Hand axe          |   119 |    75 ||   194
Invok: Depart the Abyss  |     1 |       ||     1
  Use: Potion            |       |     2 ||     2
  Eat: Chunk             |     1 |     2 ||     3
Armor: Leather armour    |    30 |    29 ||    59
Dodge: Dodged            |    71 |    51 ||   122

Table legend:
 A = Non-vault XP
 B = Vault XP
 C = Vault XP percentage of total XP
 D = Non-vault monster count
 E = Vault monster count
 F = Vault count percentage of total count
                 A         B        C        D         E       F
            +---------+---------+-------+---------+---------+-------
      Total |     206 |       7 |   3.3 |      40 |       5 |  11.1
            +---------+---------+-------+---------+---------+-------
        D:1 |      10 |       6 |  37.5 |       6 |       4 |  40.0
        D:2 |      41 |       0 |   0.0 |      13 |       0 |   0.0
        D:3 |      55 |       0 |   0.0 |      18 |       0 |   0.0
        D:4 |      64 |       0 |   0.0 |       2 |       0 |   0.0
        D:5 |      36 |       1 |   2.7 |       1 |       1 |  50.0
            +---------+---------+-------+---------+---------+-------
